 Dungeon Crawl Stone Soup version 0.26-a0-611-g354ed81 (webtiles) character file.

Game seed: 10141321203703789609

8 B1Gdaddy5 the Grasshopper (level 2, 0/19 HPs)
             Began as a Halfling Warper on Sept 5, 2020.
             Slain by a kobold (2 damage)
             ... on level 1 of the Dungeon.
             The game lasted 00:02:20 (252 turns).

B1Gdaddy5 the Grasshopper (Halfling Warper)          Turns: 252, Time: 00:02:20

Health: 0/19       AC:  3    Str: 12    XL:     2   Next: 15%
Magic:  4/4        EV: 14    Int: 11    God:
Gold:   13         SH:  0    Dex: 13    Spells: 4/4 levels left

rFire    + . .     SeeInvis .   a - +0 short sword
rCold    + . .     Faith    .   (shield restricted)
rNeg     . . .     Spirit   .   b - +0 leather armour
rPois    +         Reflect  .   (no helmet)
rElec    +         Harm     .   (no cloak)
rCorr    +                      (no gloves)
MR       .....                  (no boots)
Stlth    +.........             (no amulet)
HPRegen  0.06/turn              (no ring)
MPRegen  0.09/turn              (no ring)

@: resistant
A: small, mutation resistance 1
a: no special abilities


You were on level 1 of the Dungeon.
You visited 1 branch of the dungeon, and saw 2 of its levels.

You collected 13 gold pieces.

Inventory:

Hand Weapons
 a - a +0 short sword (weapon)
 c - a +0 hunting sling
Missiles
 e - 5 boomerangs of dispersal (quivered)
Armour
 b - a +0 leather armour (worn)
 g - a +0 robe
Scrolls
 d - a scroll of blinking


   Skills:
 + Level 1.9 Fighting
 + Level 2.4 Short Blades
 + Level 1.0 Throwing
 + Level 1.2 Armour
 + Level 2.4 Dodging
 + Level 1.9 Spellcasting
   Level 3.2 Translocations


You had 4 spell levels left.
You didn't know any spells.
Your spell library contained the following spells:

 Spells                   Type           Power        Failure   Level
 Blink                    Tloc           N/A          14%         2
 Gell's Gravitas          Tloc           #.........   28%         3
 Lesser Beckoning         Tloc           #.........   28%         3
 Teleport Other           Tloc           #.......     28%         3
 Passage of Golubria      Tloc           N/A          67%         4


Dungeon Overview and Level Annotations

Branches:
Dungeon (2/15)

Altars:


Innate Abilities, Weirdness & Mutations

You are small and have problems with some larger weapons.
You are somewhat resistant to further mutation.


Message History

You kill the jackal!
You have reached level 2!
The rat bites you but does no damage.
You hit the rat.
You kill the rat!
A goblin comes into view.
The goblin shouts!
A kobold comes into view.
The ball python bites you but does no damage.
The ball python closely misses you.
The kobold shouts!
A rat comes into view.
You closely miss the kobold. The kobold closely misses you.
The ball python barely misses you. The ball python completely misses you.
You barely miss the ball python. The ball python closely misses you.
The ball python barely misses you. The kobold barely misses you.
You hit the ball python.
You kill the ball python!
The kobold hits you.
You die...

. .. #.#. .#.##
### .... ..# ..#
#.# ### # #.# #.#
...
##.##.###.##.##
#.gK@...†.>...#
......r#.###.>##.#
...$.....# #.#.#
.#.#.#.#.##.###..
# #.###...# #.# #
#### ... ###


You could see a goblin, a kobold and a rat.

Vanquished Creatures
  A goblin (D:1)
  2 hobgoblins (D:1)
  2 jackals (D:1)
  A ball python (D:1)
  A rat (D:1)
7 creatures vanquished.

Notes
Turn   | Place    | Note
-------+----------+-------------------------------------------
     0 | D:1      | B1Gdaddy5 the Halfling Warper began the quest for the Orb.
     0 | D:1      | Reached XP level 1. HP: 14/14 MP: 3/3
   211 | D:1      | You fall into a shaft and drop 1 floor!
   245 | D:1      | Reached XP level 2. HP: 2/19 MP: 4/4
   252 | D:1      | Slain by a kobold

Illustrated notes

Levels and vault maps discovered:
D:1:      dpeg_arrival_simpleton_c, layout_loops_ring
D:2:      layout_rooms, tgw_xom, lemuel_coloured_pillars_altar

Action                   || total
-------------------------++-------
Melee: Short sword       ||    28
  Use: Potion            ||     1
Armor: Leather armour    ||     8
Dodge: Dodged            ||    45

Table legend: (Time is in decaauts)
 A = Elapsed time spent in this place.
 B = Non-inter-level travel time spent in this place.
 C = Inter-level travel time spent in this place.
 D = Time resting spent in this place.
 E = Time spent auto-exploring this place.
 F = Levels seen in this place.
 G = Mean time per level.
                   A        B        C        D        E       F      G
               +--------+--------+--------+--------+--------+-----+--------+
         Total |    251 |    251 |      0 |    124 |     56 |   2 |  125.5 |
       Dungeon |    251 |    251 |      0 |    124 |     56 |   2 |  125.5 |
               +--------+--------+--------+--------+--------+-----+--------+

Top non-repeatable levels by time:
     D:1: 232 daAuts
     D:2: 18 daAuts
